 Dungeon Crawl Stone Soup version 0.17-a0-1446-gc28613e (webtiles) character file.

2444 urechis the Grappler (level 9, -4/80 HPs)
             Began as a Troll Monk on June 28, 2015.
             Killed from afar by Pikel (10 damage)
             ... with a wand of fire
             ... on level 7 of the Dungeon.
             The game lasted 00:13:27 (5924 turns).

urechis the Grappler (Troll Monk)                   Turns: 5924, Time: 00:13:27

Health: -4/80      AC:  5    Str: 21    XL:     9   Next: 25%
Magic:  12/12      EV: 10    Int:  6    God:
Gold:   375        SH:  0    Dex: 15    Spells: 0 memorised, 8 levels left

rFire  . . .     SeeInvis .       - Unarmed
rCold  . . .     Clarity  .     a - +0 robe
rNeg   . . .     SustAt   .     (no shield)
rPois  .         Gourm    +     (helmet restricted)
rElec  .         Spirit   .     (no cloak)
rCorr  .         Warding  .     (gloves unavailable)
rMut   .         Stasis   .     (boots unavailable)
MR     .....                    (no amulet)
Stlth  ++........               (no ring)
                                (no ring)

@: not resistant to hostile enchantments, unstealthy
A: unfitting armour, claws 3, fast metabolism 3, gourmand, regeneration 2,
shaggy fur 1, tough skin 2
a: no special abilities


You were on level 7 of the Dungeon.
You were very hungry.

You visited 1 branch of the dungeon, and saw 7 of its levels.
You also visited: Sewer.

You collected 375 gold pieces.

Inventory:

Missiles
 c - a throwing net (quivered)
Armour
 a - a +0 robe (worn)
Magical devices
 p - a wand of polymorph (13)
 u - a wand of fire (5)
 y - a wand of enslavement (13)
 B - a wand of magic darts (6)
Scrolls
 d - 2 scrolls of fog {unknown}
 e - a scroll of teleportation {unknown}
 f - a scroll of immolation {unknown}
 h - 10 scrolls of identify {unknown}
 i - a scroll of enchant weapon {unknown}
 j - 2 scrolls of enchant armour {unknown}
 l - 7 scrolls of remove curse {unknown}
 m - a scroll of magic mapping {unknown}
 t - a scroll of blinking {unknown}
Potions
 k - 2 potions of curing
 o - 2 potions of heal wounds {unknown}
 q - a potion of agility {unknown}
 r - a potion of mutation {unknown}
 s - a potion of poison {unknown}
 x - a potion of lignification {unknown}
 z - a potion of berserk rage {unknown}
 C - a potion of cancellation {unknown}
Comestibles
 b - 7 bread rations
 g - 8 meat rations
 n - a slice of pizza
 v - a beef jerky
 A - 2 fruits


   Skills:
 + Level 2.7 Fighting
 - Level 2.4 Dodging
 - Level 1.1 Stealth
 - Level 10.1 Unarmed Combat
 - Level 6.1 Evocations


You had 8 spell levels left.
You didn't know any spells.

Dungeon Overview and Level Annotations

Branches:
Dungeon (7/15)
 Temple: D:4-7

Altars:
Ashenzari
Cheibriados
Gozag
Makhleb
Ru
Yredelemnul
Zin

Annotations:
D:7 Pikel


Innate Abilities, Weirdness & Mutations

You are too large for most types of armour.
You have claws for hands.
Your metabolism is lightning-fast.
You like to eat raw meat.
You heal very quickly.
You are covered in fur (AC +1).
You have very tough skin (AC +2).


Message History

You closely miss the slave.
The slave is heavily wounded.
You are feeling very hungry.
You scratch Pikel but do no damage. You claw Pikel!
Pikel begins to bleed from his wounds!
Pikel is moderately wounded.
Pikel hits you with a whip of electrocution!
You are electrocuted!
* * * LOW HITPOINT WARNING * * *
You scratch Pikel but do no damage.
Pikel is moderately wounded.
You scratch Pikel but do no damage. You claw Pikel, but do no damage.
Pikel is moderately wounded.
Pikel says, "I'm sure you'll love being tied up!"
Pikel zaps a wand.
The bolt of fire hits you!
* * * LOW HITPOINT WARNING * * *
Pikel zaps a wand.
The bolt of fire hits you!
* * * LOW HITPOINT WARNING * * *
Pikel zaps a wand.
The bolt of fire hits you!
You die...

........## # #.#
.....##..## #.#.#
.....##...####.#.#
#.##.##..........#
#$#../.
#.##.##..#######.#
#..... #.##.##..# ###
#.####....
#........#######........
####.......+_'...####..#
# ####..###'###@####..#
#..# #.# #...##p.###.#.#
#..###.###...Kpp.......#
#.........)#.##..#.#.###
#..........#.##..#.#
###.####..##.##..#p# #.#
#.........#r. #.#
##.##.##.##.. ..#
#.##..... .#.


You could see Pikel (bleeding) and 2 slaves.

Vanquished Creatures
  Sigmund (D:5)
  A deep elf mage (D:5)
  An orc warrior (D:7)
  A slave (D:7)
  5 ogres
  4 giant frogs
  3 scorpions
  5 wights (D:6)
  An electric eel (D:6)
  3 orc wizards
  2 centaur zombies
  3 crimson imps
  A quasit (D:4)
  A jelly (D:5)
  An orc priest (D:5)
  A hound (D:6)
  A centaur skeleton (D:4)
  3 worker ants
  Terence (D:2)
  A hound skeleton (D:4)
  A worker ant zombie (D:7)
  Robin (D:2)
  8 gnolls
  14 adders
  2 shadow imps (D:5)
  5 oozes
  An adder skeleton (D:5)
  2 worms
  15 giant geckos
  20 orcs
  10 ball pythons (Sewer)
  6 bats
  A bat skeleton (D:4)
  A bat zombie (D:5)
  14 giant cockroaches
  9 hobgoblins
  9 jackals
  9 kobolds
  A giant gecko skeleton (D:5)
  16 giant newts
  18 goblins
  5 quokkas
  11 rats
219 creatures vanquished.

Notes
Turn   | Place    | Note
--------------------------------------------------------------
     0 | D:1      | urechis the Troll Monk began the quest for the Orb.
     0 | D:1      | Reached XP level 1. HP: 22/22 MP: 0/0
   534 | D:1      | Reached XP level 2. HP: 27/29 MP: 1/1
   784 | D:2      | Reached skill level 5 in Unarmed Combat
   784 | D:2      | Reached XP level 3. HP: 36/36 MP: 2/2
   788 | D:2      | Noticed Robin
   828 | D:2      | Killed Robin
   987 | D:2      | Noticed Terence
   996 | D:2      | Killed Terence
   996 | D:2      | Reached XP level 4. HP: 37/44 MP: 3/3
  1084 | D:2      | Found a shattered altar of Ashenzari.
  1164 | D:2      | Reached skill level 6 in Unarmed Combat
  1268 | D:2      | Reached XP level 5. HP: 17/50 MP: 4/4
  1595 | D:3      | Found a sacrificial altar of Ru.
  1601 | D:3      | Reached skill level 7 in Unarmed Combat
  1968 | D:3      | Found a glowing silver altar of Zin.
  2313 | D:4      | Noticed an ogre
  2324 | D:4      | Killed an ogre
  2324 | D:4      | Reached XP level 6. HP: 48/59 MP: 5/5
  2406 | D:4      | Found a glowing drain.
  2418 | Sewer    | Entered a sewer
  2485 | Sewer    | Reached skill level 8 in Unarmed Combat
  2670 | Sewer    | HP: 2/59 [giant newt (3)]
  2675 | Sewer    | Reached XP level 7. HP: 5/66 MP: 6/6
  2829 | D:4      | Reached skill level 9 in Unarmed Combat
  2846 | D:4      | Noticed an ogre
  2857 | D:4      | Killed an ogre
  3661 | D:5      | Entered Level 5 of the Dungeon
  3709 | D:5      | Found a snail-covered altar of Cheibriados.
  3725 | D:5      | Reached skill level 10 in Unarmed Combat
  3759 | D:5      | Reached XP level 8. HP: 57/74 MP: 7/7
  3787 | D:5      | Found a burning altar of Makhleb.
  3884 | D:5      | Noticed Sigmund
  3891 | D:5      | Killed Sigmund
  4198 | D:5      | Noticed a deep elf mage
  4204 | D:5      | Killed a deep elf mage
  4654 | D:6      | Reached skill level 5 in Evocations
  4745 | D:6      | Found an opulent altar of Gozag.
  4781 | D:6      | Reached XP level 9. HP: 77/80 MP: 10/12
  5871 | D:7      | Found a basalt altar of Yredelemnul.
  5902 | D:7      | Noticed Pikel
  5924 | D:7      | Killed from afar by Pikel

Vault maps used:
D:1:      dpeg_arrival_water_temple_mockup
D:2:      nicolae_ashenzari_panopticon, first_bread, uniq_robin, uniq_terence
D:3:      lemuel_round_altar, nicolae_overflow_hidden_temple
D:4:      gup_sewer_entry_pipe
D:5:      kennysheep_mini_moat, kennysheep_little_box, uniq_sigmund
D:6:      basic_altar, serial_bayou_lagoon_b
D:7:      lemuel_doored_altar, minmay_temple_entry_statues_pillars, uniq_pikel,
          uniq_joseph
Sewer:    sewer_frog_island_02

Action                   |  1- 3 |  4- 6 |  7- 9 || total
-------------------------+-------+-------+-------++-------
Melee: Unarmed           |    81 |   233 |   245 ||   559
  Use: Potion            |       |     1 |       ||     1
 Stab: Sleeping          |     1 |     7 |     2 ||    10
       Distracted        |       |       |     2 ||     2
  Eat: Chunk             |    14 |    15 |    22 ||    51
